 Dungeon Crawl Stone Soup version 0.29.1-13-g9f3cf754e1 (webtiles) character file.

Game seed: 14572135710322220418

8412 hbarley the Cleaver (level 11, -38/99 HPs)
             Began as a Hill Orc Fighter on Feb 2, 2023.
             Was a Believer of Uskayaw.
             Annihilated by Erolcha
             ... wielding a +0 giant spiked club
              (66 damage)
             ... on level 9 of the Dungeon.
             The game lasted 00:24:31 (9480 turns).

hbarley the Cleaver (Hill Orc Fighter)              Turns: 9480, Time: 00:24:31

Health: -38/99     AC: 17    Str: 22    XL:     11   Next: 30%
Magic:  11/11      EV: 11    Int:  6    God:    Uskayaw [**....]
Gold:   626        SH: 15    Dex: 16    Spells: 10/10 levels left

rFire   + + .      SeeInvis .   R - +7 war axe "Wiozogy" {flame, rElec rCorr Int-2 Dex+4}
rCold   . . .      Faith    .   O - +4 kite shield "Iwumy" {rF+ Will+}
rNeg    . . .      Spirit   .   N - +3 chain mail
rPois   .          Reflect  .   C - +0 helmet
rElec   +          Harm     .   J - +0 cloak
rCorr   +          Rampage  .   e - +0 pair of gloves
Will    ++...                   (no boots)
Stlth   ..........              (no amulet)
HPRegen 0.26/turn               m - +4 ring of evasion
MPRegen 0.12/turn               B - ring of Gydit {rF+ Will+}

@: no status effects
A: no striking features
a: Renounce Religion, Stomp, Line Pass


You were on level 9 of the Dungeon.
You worshipped Uskayaw.
Uskayaw was noncommittal.
You visited 2 branches of the dungeon, and saw 10 of its levels.

You collected 626 gold pieces.

Inventory:

Hand Weapons
 a - a +0 war axe
 M - a +2 vampiric war axe
 R - the +7 war axe "Wiozogy" (weapon) {flame, rElec rCorr Int-2 Dex+4}
   (You found it on level 9 of the Dungeon)

   It burns those it strikes, dealing additional fire damage.
   Big, fiery blades are also staple armaments of hydra-hunters.
   Int:       It affects your intelligence (-2).
   Dex:       It affects your dexterity (+4).
   rElec:     It insulates you from electricity.
   rCorr:     It protects you from acid and corrosion.
Armour
 b - a +0 scale mail
 c - a +0 buckler
 e - a +0 pair of gloves (worn)
 l - a +0 plate armour
 C - a +0 helmet (worn)
 J - a +0 cloak (worn)
 N - a +3 chain mail (worn)
 O - the +4 kite shield "Iwumy" (worn) {rF+ Will+}
   (You found it on level 7 of the Dungeon)

   rF:        It protects you from fire.
   Will:      It increases your willpower.
Jewellery
 m - a +4 ring of evasion (left hand)
 B - the ring of Gydit (right hand) {rF+ Will+}
   (You found it on level 3 of the Dungeon)

   [ring of willpower]

   rF:        It protects you from fire.
   Will:      It increases your willpower.
 G - a ring of willpower
 K - a ring of see invisible
 Q - a +4 ring of protection
 T - a ring of fire
Wands
 v - a wand of iceblast (3)
Scrolls
 f - a scroll of amnesia {unknown}
 h - 3 scrolls of blinking
 i - a scroll of identify
 n - 2 scrolls of poison {unknown}
 o - a scroll of fear {unknown}
 s - a scroll of immolation {unknown}
 w - 2 scrolls of noise
 y - a scroll of enchant armour {unknown}
 z - 2 scrolls of butterflies
 A - 5 scrolls of enchant weapon {unknown}
 D - 2 scrolls of torment
 E - 8 scrolls of teleportation
 H - 2 scrolls of magic mapping
 P - a scroll of brand weapon {unknown}
Potions
 d - a potion of might
 g - a potion of cancellation {unknown}
 j - 2 potions of brilliance
 k - 3 potions of lignification
 p - 3 potions of flight
 q - 4 potions of curing
 r - a potion of heal wounds
 t - 2 potions of mutation {unknown}
 u - a potion of magic {unknown}
 x - 4 potions of attraction
 F - 17 potions of degeneration
 I - a potion of ambrosia {unknown}
 L - a potion of invisibility {unknown}
Miscellaneous
 S - a piece from Xom's chessboard (15/15)


   Skills:
 + Level 9.9 Fighting
 + Level 14.3 Axes
 + Level 8.0 Armour
 + Level 2.3 Dodging
 + Level 4.5 Stealth
 + Level 7.4 Shields
 + Level 0.8 Evocations


You had 10 spell levels left.
You didn't know any spells.
Your spell library contained the following spells:

 Spells                   Type           Power      Damage    Failure   Level
 Apportation              Tloc           0%         N/A       100%        1
 Dazzling Flash           Conj/Hex       0%         N/A       100%        3
 Ignite Poison            Fire/Tmut/Pois 0%         N/A       100%        3
 Mephitic Cloud           Conj/Pois/Air  0%         N/A       100%        3
 Ozocubu's Armour         Ice            0%         N/A       100%        3
 Summon Guardian Golem    Hex/Summ       0%         N/A       100%        3
 Iskenderun's Mystic Bla  Conj/Tloc      0%         2d3       100%        4
 Alistair's Intoxication  Tmut/Pois      0%         N/A       100%        5
 Freezing Cloud           Conj/Ice/Air   0%         6-21      100%        5
 Summon Forest            Summ/Tloc      0%         N/A       100%        5
 Eringya's Noxious Bog    Tmut/Pois      0%         N/A       100%        6
 Starburst                Conj/Fire      0%         6d3       100%        6
 Orb of Destruction       Conj           0%         9d5       100%        7
 Ozocubu's Refrigeration  Ice            0%         4d7       100%        7
 Spellforged Servitor     Conj/Summ      0%         N/A       100%        7
 Summon Hydra             Summ           0%         N/A       100%        7


Dungeon Overview and Level Annotations

Branches:
Dungeon (9/15)             Temple (1/1) D:4            Lair (0/5) D:8
    Orc: D:9-12

Altars:
Ashenzari
Cheibriados
Dithmenos
Elyvilon
Gozag
Hepliaklqana
Kikubaaqudgha
Makhleb
Nemelex Xobeh
Okawaru
Qazlal
Ru
Sif Muna
Trog
Uskayaw
Vehumet
Wu Jian
Xom
Zin
The Shining One

Annotations:
D:9 Erolcha


Message History

The bolt of electricity misses you.
The electric eel shoots out a bolt of lightning at you!
The bolt of electricity hits you but does no damage.
You resist.
The electric eel shoots out a bolt of lightning at you!
The bolt of electricity hits you. You resist.
The electric eel shoots out a bolt of lightning at you!
The bolt of electricity hits you but does no damage.
You resist.
The electric eel shoots out a bolt of lightning at you!
The bolt of electricity hits you. You resist.
The electric eel shoots out a bolt of lightning at you!
The bolt of electricity misses you.
The electric eel shoots out a bolt of lightning at you!
The bolt of electricity hits you. You resist.
You slice the electric eel!! You burn the electric eel!
You kill the electric eel!
Things that are here:
a +3 battleaxe; a +0 robe
Things that are here:
a +4 halberd; a +0 robe You enter the shallow water.
Moving in this stuff is going to be slow.
Things that are here:
a +4 halberd; a +0 robe Erolcha the Cunning comes into view.
She is wielding a +0 giant spiked club.
Erolcha gestures wildly while chanting.
Erolcha flickers and vanishes!
Deactivating autopickup; reactivate with Ctrl-A.
You miss something. Something hits you!!
You slash something! You burn something. Something hits you!!!
* * * LOW HITPOINT WARNING * * *
You barely miss something. Something completely misses you.
You slash something! You burn something.
You can now pass through a line of other dancers.
You miss something. You block something's attack.
You closely miss something. You slash something! You burn something!
Something hits you!!!
Ouch! That really hurt!
You die...

#.......# #.#
#.......######.#
#............#..
#...............
#.....>...~~....
#........~~~~##.
#.......~~~~~~..
#######.......~~~~~~~#
#...{@##.....~~~~~~~~#
#.###.####....~~~~~~##
#......#.##~~~~##~
#.######.#.###~~##~~
#..........# #####~~
#####......# ##~
####.###..# ##
#.........# #
#.##.###....


There were no monsters in sight!

Vanquished Creatures
  A two-headed ogre (D:9)
  3 death yaks (D:8)
  3 yaks (D:6)
  4 steam dragons
  An acid dragon (D:9)
  Duvessa (D:5)
  A black bear (D:8)
  2 ice beasts
  2 orc warriors (D:7)
  5 sky beasts
  An ogre (D:4)
  2 centaurs
  2 phantoms
  A kobold brigand (D:8)
  2 bullfrogs
  A necrophage (D:5)
  3 scorpions
  5 wights (D:9)
  Dowan (D:5)
  32 killer bees (D:8)
  4 vampire bats (D:5)
  5 electric eels (D:9)
  2 howler monkeys (D:9)
  4 hounds
  A jelly (D:6)
  8 orc priests
  3 iguanas
  6 orc wizards
  A hell rat (D:8)
  10 gnolls
  7 adders
  5 river rats (D:8)
  3 white imps
  A worm (D:2)
  2 dart slugs (D:1)
  31 orcs
  18 ball pythons
  13 bats
  7 endoplasms
  4 giant cockroaches
  12 goblins
  15 hobgoblins
  8 jackals
  8 quokkas
  3 frilled lizards
  10 kobolds
  6 rats
270 creatures vanquished.

Vanquished Creatures (others)
  Eustachio (D:5)
1 creature vanquished.

Grand Total: 271 creatures vanquished

Notes
Turn   | Place    | Note
-------+----------+-------------------------------------------
     0 | D:1      | hbarley the Hill Orc Fighter began the quest for the Orb.
     0 | D:1      | Reached XP level 1. HP: 19/19 MP: 1/1
   163 | D:1      | Reached XP level 2. HP: 20/27 MP: 2/2
   688 | D:1      | Reached skill level 3 in Axes
   688 | D:1      | Reached XP level 3. HP: 30/33 MP: 3/3
  1220 | D:2      | Reached XP level 4. HP: 39/40 MP: 4/4
  1501 | D:2      | Reached skill level 4 in Axes
  1745 | D:2      | Found a faded altar of an unknown god.
  1990 | D:3      | Reached XP level 5. HP: 45/47 MP: 5/5
  2412 | D:3      | Found a sacrificial altar of Ru.
  2546 | D:3      | Reached skill level 5 in Axes
  2861 | D:3      | Identified the ring of Gydit {rF+ Will+}
  3085 | D:3      | Reached XP level 6. HP: 53/53 MP: 6/6
  3333 | D:4      | Reached skill level 6 in Axes
  3477 | D:4      | Found a staircase to the Ecumenical Temple.
  3484 | Temple   | Entered the Ecumenical Temple
  3565 | Temple   | Became a worshipper of Uskayaw the Reveller
  3590 | D:4      | Noticed a sky beast
  3595 | Temple   | Reached * piety under Uskayaw
  3602 | Temple   | Reached ** piety under Uskayaw
  3616 | Temple   | Killed a sky beast
  3760 | D:4      | Reached *** piety under Uskayaw
  3762 | D:4      | Reached skill level 7 in Axes
  3762 | D:4      | Reached XP level 7. HP: 58/60 MP: 7/7
  3946 | D:4      | Reached skill level 5 in Fighting
  4173 | D:4      | Found an ancient bone altar of Kikubaaqudgha.
  4210 | D:4      | Reached skill level 8 in Axes
  4715 | D:5      | Entered Level 5 of the Dungeon
  4742 | D:5      | Reached skill level 5 in Armour
  4968 | D:5      | Reached XP level 8. HP: 65/69 MP: 8/8
  4968 | D:5      | Reached **** piety under Uskayaw
  4970 | D:5      | Reached skill level 9 in Axes
  5538 | D:5      | Noticed Eustachio
  5565 | D:5      | Killed Eustachio
  5566 | D:5      | Reached skill level 1 in Stealth
  5644 | D:5      | Found an iron altar of Okawaru.
  5717 | D:5      | Noticed Dowan
  5718 | D:5      | Noticed Duvessa
  5731 | D:5      | Killed Duvessa
  5731 | D:5      | Killed Dowan
  5732 | D:5      | Reached skill level 10 in Axes
  6036 | D:6      | Noticed a yak
  6047 | D:6      | Noticed a yak
  6049 | D:6      | Killed a yak
  6049 | D:6      | Noticed a yak
  6054 | D:6      | Reached XP level 9. HP: 79/79 MP: 9/9
  6056 | D:6      | Reached ***** piety under Uskayaw
  6062 | D:6      | Reached skill level 11 in Axes
  6062 | D:6      | Reached skill level 1 in Dodging
  6064 | D:6      | Reached ****** piety under Uskayaw
  6589 | D:7      | Reached skill level 12 in Axes
  6597 | D:7      | Reached skill level 5 in Shields
  6804 | D:7      | Reached XP level 10. HP: 84/90 MP: 10/10
  6815 | D:7      | Identified the +4 kite shield "Iwumy" {rF+ Will+}
  7040 | D:7      | Reached skill level 13 in Axes
  7541 | D:8      | Found a staircase to the Lair.
  7541 | D:8      | Noticed a death yak
  7541 | D:8      | Noticed a death yak
  7545 | D:8      | Noticed a death yak
  7559 | D:8      | Killed a death yak
  7570 | D:8      | Killed a death yak
  7587 | D:8      | Killed a death yak
  7588 | D:8      | Reached skill level 14 in Axes
  7588 | D:8      | Reached XP level 11. HP: 73/99 MP: 11/11
  8317 | D:9      | Found a glowing golden altar of the Shining One.
  8529 | D:9      | Found a shimmering altar of Xom.
  8567 | D:9      | Noticed a two-headed ogre
  8574 | D:9      | Killed a two-headed ogre
  8669 | D:9      | Identified the +0 robe of Midsummer {rF++ Archmagi}
  8675 | D:9      | Identified the +7 war axe "Wiozogy" {flame, rElec rCorr
                  | Int-2 Dex+4}
  9470 | D:9      | Noticed Erolcha
  9480 | D:9      | Annihilated by Erolcha

Illustrated notes

Levels and vault maps discovered:
D:1:      zelgadis_glass_arrival_small, layout_basic, minmay_octomino_c4
D:2:      layout_loops_cross, hellmonk_ecumenical_altar_leap_of_faith
D:3:      minmay_wonky_spiral, layout_basic, nicolae_ru_awakened_eye,
          minmay_snake_closets
D:4:      layout_loops_ring, mainiacjoe_overflow_small_starburst,
          minmay_temple_entry_tees
D:5:      lemuel_ice_spiral_2, layout_basic, mainiacjoe_overflow_alcove_4,
          roderic_batcave, uniq_duvessa, uniq_eustachio
D:6:      layout_rooms
D:7:      layout_cave_pools, hangedman_misty_isle
D:8:      wad_woods_minihive, layout_basic, dpeg_lair_monsters
D:9:      lemuel_flame_loot_2, layout_basic, mainiacjoe_overflow_catwalk,
          tso_altar, enter_bailey_7, uniq_erolcha
Temple:   regret_index_temple_waves

Skill      XL: |  1  2  3  4  5  6  7  8  9 10 11 |
---------------+----------------------------------+-----
Fighting       | 4 5 7 8 9 |  9.9
Axes           | 3 4 5 7 8 10 12 14 | 14.3
Armour         | 4 5 6 7 8 |  8.0
Shields        | 4 5 7 |  7.4
Stealth        | 1 3 4 |  4.5
Dodging        | 1 2 |  2.3
Evocations     | |  0.8

Action                   |  1- 3 |  4- 6 |  7- 9 | 10-12 || total
-------------------------+-------+-------+-------+-------++-------
Melee: War axe           |    92 |   213 |   282 |   236 ||   823
Evoke: Wand              |       |       |     3 |     2 ||     5
  Use: Scroll            |       |     5 |     1 |     5 ||    11
       Potion            |       |       |     2 |     2 ||     4
 Stab: Paralysed         |       |     1 |    15 |    24 ||    40
Armor: Scale mail        |    36 |       |       |       ||    36
       Plate armour      |    46 |   129 |   163 |       ||   338
       Skin              |       |       |    10 |       ||    10
       Chain mail        |       |       |    17 |   127 ||   144
Dodge: Dodged            |    59 |   105 |   124 |   138 ||   426
Block: Buckler           |    29 |    59 |    51 |       ||   139
       Kite shield       |       |       |       |   213 ||   213
